cohdb
Replays
Latest Replays
All Replays
Popular Replays
Top Player Replays
Match Explorer
How It Works
Community
CoH3 Stats
Reddit
Sign in to upload your games and track your stats! →
Sign in with Steam
Match 41415621
Unlisted
Match 41415621
Overview
Messages
Build Orders
End
Construct Barracks
1⁄4-ton 4x4 Truck
Riflemen Squad
Riflemen Squad
Construct Weapon Support Center
Riflemen Squad
Infantry Support Center
Bazooka Squad
Grenade Package
M3 Armored Personnel Carrier
Construct Medical Station
Selects Heavy Weapons
Selects Assault Carriers
M1919 Machine Gun Team
Selects M2HB .50cal Heavy Machine Gun
Engineer Squad
M1918 Browning Automatic Rifles
Selects Exchangeable Parts
M3 Assault Carrier
Construct Tank Depot
M4A1 Sherman Medium Tank
Engineer Squad
Selects M26 Pershing Heavy Tank
Selects Gallant Stand
M26 Pershing Heavy Tank
Riflemen Squad
Riflemen Squad
M18 Hellcat Tank Destroyer
Alstreim
Trivolka
Wywtigerking
Insomniac
0
0
Comments
sign in to comment!
No comments posted yet!